[Event "Late-Titled-Tuesday-Blitz-April-23-2024"]
[Site "Chess.com"]
[Date "2024.04.23"]
[Round "4"]
[White "Stanbad1"]
[Black "ubdip"]
[Result "0-1"]
[WhiteElo "2604"]
[BlackElo "2441"]
[TimeControl "180+1"]
[EndTime "14:40:23 PDT"]
[Termination "ubdip won by resignation"]

1. d4 d5 2. Nc3 e6 3. Bf4 Bd6 4. Bxd6 cxd6 5. e3 a6 6. Nf3 f5 7. Bd3 Nf6 8. O-O O-O 9. Qe2 Ne4 10.
Bxe4 dxe4 11. Nd2 d5 12. f3 Nd7 13. fxe4 dxe4 14. Nd1 b5 15. c4 bxc4 16. Nxc4 Rb8 17.
b3 Nb6 18. Nc3 Nxc4 19. bxc4 Qa5 20. Rfc1 Bd7 21. c5 Rfc8 22. a3 Bc6 23. Qc4 Kf7 24.
Rf1 g6 25. Rab1 Qxa3 26. Ra1 Qb3 27. Qxb3 Rxb3 28. Rfc1 Ra8 29. Ra5 Ke7 30. Kf2 Kd7 31.
Kg3 g5 32. h4 h6 33. hxg5 hxg5 34. Kf2 Bb7 35. Na4 Kc6 36. Nb6 Rh8 37. Nc4 f4 38. Ra2 Kd5 39. Na5 fxe3+ 40. Ke2 Rb5 41. Kxe3 Bc8 42.
Ra3 Rh2 43. Rc2 Rh1 44. Ra4 Re1+ 45. Kd2 Rg1 46. Kc3 e3 47. Nc4 Kc6 48. Nxe3 e5 49. dxe5 Rxc5+ 50. Nc4 Be6 51. Rxa6+ Kd7 52. Ra7+ Ke8 53.
Raa2 Rxc4+ 54. Kd2 Rxc2+ 55. Rxc2 Rxg2+ 56. Kc1 Rxc2+ 57. Kxc2 Kf7 58. Kd3 Kg6 59. Ke4 Bf5+ 60. Kf3 Be6 61. Kg3 Kf5 0-1

[Event "Late-Titled-Tuesday-Blitz-April-23-2024"]
[Site "Chess.com"]
[Date "2024.04.23"]
[Round "4"]
[White "BabageldiAnnaberdiyev"]
[Black "MarkoPe"]
[Result "1-0"]
[WhiteElo "2594"]
[BlackElo "2394"]
[TimeControl "180+1"]
[EndTime "14:40:23 PDT"]
[Termination "BabageldiAnnaberdiyev won on time"]

1. e4 c6 2. d4 d6 3. a4 Nd7 4. Nc3 Ngf6 5. Nf3 g6 6. Bc4 Bg7 7. O-O O-O 8. h3 e5 9. Re1 Re8 10. Bg5 Qc7 11. dxe5 Nxe5 12. Nxe5 dxe5 13. Qf3 Be6 14.
Bxf6 Bxc4 15. Bxg7 Kxg7 16. Rad1 Rad8 17. Qe3 b6 18. h4 h5 19. b3 Be6 20. Ne2 Rd7 21. Ng3 Red8 22. Rxd7 Qxd7 23. Qg5 Kh7 24. Qxe5 Qd2 25.
Re2 Qd1+ 26. Kh2 Bg4 27. f3 Be6 28. Qg5 c5 29. Rf2 Rd7 30. f4 Rd2 31. Rxd2 Qxd2 32. f5 Qxg5 33. hxg5 Bd7 34. Kh3 Bc6 35. Kh4 Kg7 36.
Kh3 Kf8 37. fxg6 fxg6 38. Nf1 Bxe4 39. Ne3 Ke7 40. Kg3 Ke6 41. Kf4 Bc6 42. g3 a6 43.
Nc4 b5 44. axb5 axb5 45. Ne5 Be8 46. c4 b4 47. Nd3 Bc6 48. Nxc5+ Kd6 49. Nd3 1-0

[Event "Late-Titled-Tuesday-Blitz-April-23-2024"]
[Site "Chess.com"]
[Date "2024.04.23"]
[Round "4"]
[White "Nemsko"]
[Black "samolo"]
[Result "0-1"]
[WhiteElo "2457"]
[BlackElo "2667"]
[TimeControl "180+1"]
[EndTime "14:40:25 PDT"]
[Termination "samolo won by resignation"]

1. e4 g6 2. d4 Bg7 3. Be3 d6 4. Nc3 a6 5. Qd2 b5 6. O-O-O Bb7 7. f3 Nd7 8. Kb1 Rc8 9. g4 e6 10. h4 h5 11. Bg5 Bf6 12. Bg2 hxg4 13. fxg4 Bxg5 14.
hxg5 Rxh1 15. Bxh1 c5 16. Nge2 cxd4 17. Nxd4 Ne5 18.
Qf4 Qb6 19. Nf3 b4 20. Ne2 Qf2 21. Nxe5 Qxf4 22. Nxf4 dxe5 23. Nd3 a5 24. Nxe5 Rc5 25. Nxf7 Kxf7 26. Rd7+ Ne7 27. Rxb7 Rxg5 28. Bf3 Kf6 29. Kc1 Nc6 30. Rb6 Rc5 31. Kd2 Nd4 32. Bd1 Ke5 33. c3 bxc3+ 34. bxc3 Nc6 35. Bc2 Kf4 36. g5 Kxg5 37.
a4 Kf6 38. Rb5 Rxb5 39. axb5 Nb8 40. c4 Ke5 41. c5 g5 42. Ke3 Nd7 43. c6 Nb6 44.
Bb3 a4 45. Ba2 a3 46. Kf3 Nc8 47. Kg4 Kxe4 48. Bxe6 Nd6 49. Ba2 Nxb5 50. Kxg5 Ke5 51. Kg4 Kd6 52. Kf3 Nc3 53. Ke3 Nxa2 54. Kd2 Nb4 55.
Kc1 Kxc6 56. Kb1 Kc5 57. Ka1 Kc4 58. Kb1 Kb3 59. Ka1 Nc2+ 60. Kb1 a2+ 61. Kc1 a1=Q+ 62. Kd2 0-1

[Event "Late-Titled-Tuesday-Blitz-April-23-2024"]
[Site "Chess.com"]
[Date "2024.04.23"]
[Round "4"]
[White "TheBigBoss04"]
[Black "Mindhunter08"]
[Result "1-0"]
[WhiteElo "2796"]
[BlackElo "2588"]
[TimeControl "180+1"]
[EndTime "14:40:26 PDT"]
[Termination "TheBigBoss04 won by resignation"]

1. e4 e5 2. Nf3 Nc6 3. Bb5 a6 4. Ba4 Nf6 5. d3 b5 6. Bb3 Be7 7. Nc3 d6 8. a4 b4 9. Nd5 Rb8 10. a5 O-O 11. Bd2 Bg4 12. Bc4 Nd4 13.
Bxa6 Nxd5 14. exd5 Qd7 15. Be3 Bxf3 16. gxf3 Qf5 17.
Bxd4 exd4 18. Bc4 Bg5 19. h4 Bf4 20. a6 Rfe8+ 21. Kf1 Rb6 22. a7 Ra8 23. Qe2 Rb7 24. Qe7 h6 25. h5 Rbxa7 26. Rxa7 Rxa7 27. Kg2 Ra8 28. Bb3 Bg5 29. Qe4 Qf6 30. Qg4 Bf4 31.
Re1 Be5 32. Re4 Ra1 33. f4 Qe7 34. fxe5 dxe5 35. Qf5 Qh4 36. Rxh4 1-0

[Event "Late-Titled-Tuesday-Blitz-April-23-2024"]
[Site "Chess.com"]
[Date "2024.04.23"]
[Round "4"]
[White "FuenfgegenWilly"]
[Black "ferrufino64"]
[Result "1-0"]
[WhiteElo "2470"]
[BlackElo "2295"]
[TimeControl "180+1"]
[EndTime "14:40:26 PDT"]
[Termination "FuenfgegenWilly won by checkmate"]

1. e4 c5 2. Nc3 Nc6 3. f4 d6 4. Nf3 e6 5. Bb5 Bd7 6. Bxc6 Bxc6 7. d3 Be7 8. O-O Nf6 9. f5 e5 10. h3 Qc7 11. a3 d5 12. exd5 Nxd5 13. Qe1 Nxc3 14. bxc3 f6 15. d4 cxd4 16. cxd4 e4 17. Nd2 O-O-O 18. Bb2 Rhe8 19. c4 e3 20. Nf3 Be4 21.
Qxe3 Bd6 22. Rfe1 Bg3 23. Re2 Bf4 24. Qc3 Bxf5 25. Rae1 Rxe2 26. Rxe2 g5 27. Qb4 a5 28. Qe7 Qxe7 29. Rxe7 g4 30. hxg4 Bxg4 31. d5 Rg8 32.
Kf2 Bd6 33. Rxh7 f5 34. a4 Re8 35. Bc3 b6 36. Bd4 Re4 37. Rh6 Bf4 38. Rc6+ Kd7 39.
Bxb6 Bd6 40. c5 Bf4 41. Rg6 Rxa4 42. Rg7+ Kc8 43. d6 Ra2+ 44. Kf1 Ra1+ 45. Ke2 Ra2+ 46. Kd3 Bxf3 47. d7+ Kb7 48. gxf3 Ka6 49. d8=Q Rd2+ 50. Kc4 Rxd8 51. Bxd8 Bc7 52. Bxc7 f4 53. Bb6 a4 54. Ra7# 1-0

[Event "Late-Titled-Tuesday-Blitz-April-23-2024"]
[Site "Chess.com"]
[Date "2024.04.23"]
[Round "4"]
[White "quvnoq_muxlis"]
[Black "David_ATM"]
[Result "1-0"]
[WhiteElo "2678"]
[BlackElo "2454"]
[TimeControl "180+1"]
[EndTime "14:40:28 PDT"]
[Termination "quvnoq_muxlis won by checkmate"]

1. e4 e5 2. Nf3 Nc6 3. Bc4 Bc5 4. c3 Nf6 5. d4 exd4 6. e5 d5 7. Bb5 Ne4 8. cxd4 Bb6 9. h3 O-O 10.
O-O f6 11. Nc3 fxe5 12. Bxc6 bxc6 13. Nxe4 dxe4 14. Qb3+ Qd5 15. Nxe5 Bxd4 16. Nxc6 Qxb3 17. axb3 Bb6 18. Be3 Bb7 19. Ne5 Bd5 20. b4 Rfe8 21. Nd7 Red8 22. Nc5 Bxc5 23. Bxc5 Bc4 24. Rfe1 Bd3 25.
Re3 a6 26. Rg3 Rd7 27. Be3 Rb8 28. Bd2 Rb6 29. Bc3 Rg6 30. Re3 h6 31. Rd1 Rgd6 32.
Rde1 Rc6 33. Rg3 Kh7 34. h4 Rg6 35. Rge3 Rd5 36. g3 h5 37. Kh2 Rgd6 38. Kg2 g6 39. Ra1 Bc2 40. Kh2 Rd1 41. Rxd1 Rxd1 42. Be5 c6 43.
Rc3 Ba4 44. Rc5 Bb5 45. Bc3 Be2 46. Rxc6 Bf3 47. g4 hxg4 48. Rc7+ Kg8 49. Bf6 Kf8 50. Kg3 Rg1+ 51. Kf4 Rg2 52. Bd4 Rh2 53. Kg5 Rg2 54. Kf6 Ke8 55. Ke6 Kf8 56. Bf6 Kg8 57. Rc8+ Kh7 58.
Rh8# 1-0

[Event "Late-Titled-Tuesday-Blitz-April-23-2024"]
[Site "Chess.com"]
[Date "2024.04.23"]
[Round "4"]
[White "DanielNaroditsky"]
[Black "Mackster23"]
[Result "1-0"]
[WhiteElo "2969"]
[BlackElo "2610"]
[TimeControl "180+1"]
[EndTime "14:40:29 PDT"]
[Termination "DanielNaroditsky won by resignation"]

1. e4 c5 2. c3 d5 3. exd5 Nf6 4. Bb5+ Bd7 5. Bxd7+ Qxd7 6. c4 e6 7. dxe6 fxe6 8.
Nf3 Nc6 9. O-O Bd6 10. d3 O-O 11. h3 Rad8 12. Nc3 Bb8 13. Qe2 e5 14. Be3 Nd4 15. Bxd4 exd4 16. Ne4 Nxe4 17. Qxe4 Rde8 18. Qd5+ Qxd5 19. cxd5 Re2 20. b3 h6 21. Rfe1 Rfe8 22. Kf1 R2e7 23. Rxe7 Rxe7 24. Rc1 Bd6 25. g3 Kf7 26.
Nd2 b6 27. Nc4 Bb8 28. Re1 Rd7 29. Ne5+ Bxe5 30. Rxe5 Kf6 31. f4 g5 32. Kf2 gxf4 33.
gxf4 Rd6 34. Kf3 a5 35. a4 b5 36. axb5 Rb6 37. Re6+ Rxe6 38. dxe6 Kxe6 39. b6 Kd6 40. f5 Kc6 41. f6 1-0

[Event "Late-Titled-Tuesday-Blitz-April-23-2024"]
[Site "Chess.com"]
[Date "2024.04.23"]
[Round "4"]
[White "Shankland"]
[Black "VojtechPlat"]
[Result "0-1"]
[WhiteElo "3052"]
[BlackElo "2873"]
[TimeControl "180+1"]
[EndTime "14:40:30 PDT"]
[Termination "VojtechPlat won by resignation"]

1. e4 d6 2. d4 Nf6 3. Nc3 e5 4. Nf3 Nbd7 5. Bc4 Be7 6. O-O O-O 7. Re1 c6 8. a4 a5 9. h3 Nb6 10. Bf1 Nfd7 11. Be3 Re8 12. Qd2 exd4 13. Nxd4 Nc5 14. Rad1 Nbxa4 15. Nxa4 Nxa4 16. Bf4 Nxb2 17. Ra1 a4 18.
Qc3 a3 19. Rxa3 Na4 20. Qa1 Qa5 21. c3 Bd7 22. Nb3 Qa7 23. c4 Bf6 24. Qd1 Qb6 25.
c5 Nxc5 26. Nxc5 Qxc5 27. Bxd6 Qg5 28. Rg3 Qh6 29. e5 Bh4 30. Rf3 Be6 31. Bd3 Be7 32.
Qb1 Bd5 33. Rg3 Bxd6 34. exd6 Rxe1+ 35. Qxe1 Qxd6 36. Qc3 g6 37. h4 Qa3 38. Qc2 Qa1+ 39. Kh2 Qd4 40. h5 Qh4+ 41. Rh3 Qg5 42. Be4 Qe5+ 0-1

[Event "Late-Titled-Tuesday-Blitz-April-23-2024"]
[Site "Chess.com"]
[Date "2024.04.23"]
[Round "4"]
[White "GoltsevDmitry2000"]
[Black "DominguezOnYoutube"]
[Result "1/2-1/2"]
[WhiteElo "2764"]
[BlackElo "2956"]
[TimeControl "180+1"]
[EndTime "14:40:30 PDT"]
[Termination "Game drawn by agreement"]

1. e4 c5 2. Nf3 d6 3. d4 cxd4 4. Nxd4 Nf6 5. Nc3 a6 6. Be2 e5 7. Nf5 d5 8. Bg5 d4 9. Bxf6 Qxf6 10. Nd5 Qd8 11. Bf3 g6 12. Ng3 Nc6 13. O-O Bg7 14. c3 O-O 15. Qb3 Rb8 16. Rfd1 Be6 17. Rac1 b5 18.
Qa3 Bh6 19. Rc2 a5 20. Qc5 Bd7 21. Qd6 Bg7 22. Ne2 Re8 23. cxd4 Nxd4 24. Nxd4 exd4 25. Rc7 Be6 26. Qc5 Bxd5 27. exd5 Be5 28. Rc6 Rc8 29. d6 Rxc6 30. Bxc6 Bxd6 31. Qxd4 Re6 32. Bxb5 Qb8 33.
Bc4 Bxh2+ 34. Kh1 Rd6 35. Qg4 Rxd1+ 36. Qxd1 Qf4 37. Qd5 Kg7 38. Qxf7+ Qxf7 39. Bxf7 Be5 40. Bc4 Bxb2 41. g3 Bd4 42. Kg2 g5 43. f4 gxf4 44. gxf4 Kf6 45. Kh3 Kf5 46. Bd3+ Kxf4 47. Bxh7 1/2-1/2

[Event "Late-Titled-Tuesday-Blitz-April-23-2024"]
[Site "Chess.com"]
[Date "2024.04.23"]
[Round "4"]
[White "SCIM"]
[Black "Hakiki_satranc"]
[Result "1-0"]
[WhiteElo "2555"]
[BlackElo "2391"]
[TimeControl "180+1"]
[EndTime "14:40:30 PDT"]
[Termination "SCIM won on time"]

1. e4 c5 2. Nf3 Nc6 3. d4 cxd4 4. Nxd4 Nf6 5. Nc3 e5 6. Ndb5 d6 7. a4 a6 8. Na3 Be6 9. Bc4 Rc8 10.
O-O Be7 11. Be3 O-O 12. Bxe6 fxe6 13. Nc4 Nd4 14. Qd3 b5 15. axb5 axb5 16. Na5 Nxc2 17. Qxc2 b4 18. Qb3 bxc3 19. Qxe6+ Kh8 20. bxc3 Rxc3 21.
Nb7 Qc7 22. Ra7 Nxe4 23. Na5 Qc8 24. Qxe7 Rg8 25. h3 Rc2 26. Bh6 Qf8 27. Qxf8 Rxf8 28. Bxg7+ Kg8 29. Bxf8 Kxf8 30. Rxh7 d5 31. Rh5 d4 32. Rxe5 Nc3 33. Rf5+ Kg7 34. Nb3 Ne2+ 35. Kh2 d3 36. Rd5 Rc3 37. Nd4 Nf4 38. Rd7+ Kf6 39. Rd1 1-0

[Event "Late-Titled-Tuesday-Blitz-April-23-2024"]
[Site "Chess.com"]
[Date "2024.04.23"]
[Round "4"]
[White "Statham_01"]
[Black "DamianoLew95"]
[Result "0-1"]
[WhiteElo "2549"]
[BlackElo "2743"]
[TimeControl "180+1"]
[EndTime "14:40:31 PDT"]
[Termination "DamianoLew95 won by checkmate"]

1. e4 e6 2. d4 d5 3. Bd3 c5 4. c3 Nc6 5. Ne2 cxd4 6. exd5 Qxd5 7. O-O dxc3 8. Nbxc3 Qd8 9. Bf4 a6 10. Rc1 Nf6 11.
Ng3 Be7 12. Qf3 e5 13. Bg5 Bg4 14. Qe3 Qd4 15. Qxd4 exd4 16. Bxf6 Bxf6 17. Nd5 O-O-O 18. Nxf6 gxf6 19. Bxa6 Kc7 20. Bd3 Kb6 21. f3 Be6 22. a3 Ne5 23. Rfd1 h6 24. Kf2 Rc8 25. Rxc8 Rxc8 26. Ke2 Bb3 27. Re1 Bc2 28. Be4 Bxe4 29. Nxe4 Rc2+ 30. Kf1 d3 31. Nxf6 Nc4 32. Nd5+ Kc5 33.
Nb4 Rd2 34. Rc1 Kd4 35. Ke1 Rxg2 36. Rd1 d2+ 37. Kf1 Ne3# 0-1

[Event "Late-Titled-Tuesday-Blitz-April-23-2024"]
[Site "Chess.com"]
[Date "2024.04.23"]
[Round "4"]
[White "DonJuanEGenaro"]
[Black "Iuckyducky"]
[Result "1-0"]
[WhiteElo "2038"]
[BlackElo "2245"]
[TimeControl "180+1"]
[EndTime "14:40:31 PDT"]
[Termination "DonJuanEGenaro won on time"]

1. Nf3 Nf6 2. g3 d5 3. Bg2 c5 4.
O-O Nc6 5. d4 e6 6. c4 Be7 7.
cxd5 exd5 8. Nc3 O-O 9. Bg5 cxd4 10. Nxd4 h6 11. Bf4 a6 12. Rc1 Be6 13. Nxe6 fxe6 14. Bh3 e5 15. Bd2 d4 16. Nb1 Qd5 17. b3 Kh8 18. Bg2 Qe6 19. e4 Rad8 20. Rc4 b5 21. Rc1 Ba3 22. Nxa3 Qe7 23. Rxc6 Qxa3 24. Qc2 d3 25. Qc3 Qxa2 26. Ra1 Qc2 27. Qxc2 dxc2 28. Rxc2 Ng4 29. f3 Nf6 30. Rxa6 Rd3 31. Bf1 Rxb3 32. Be2 Rd8 33. Re6 Rb1+ 34. Kf2 b4 35. Rxe5 b3 36.
Rc7 Rf8 37. Ree7 Nh5 38. f4 b2 39. Rb7 Rh1 40. Bxh5 Rxh2+ 41. Ke3 Rxh5 42. Rxg7 1-0

[Event "Late-Titled-Tuesday-Blitz-April-23-2024"]
[Site "Chess.com"]
[Date "2024.04.23"]
[Round "4"]
[White "Eloist"]
[Black "jessy-molina"]
[Result "1-0"]
[WhiteElo "2460"]
[BlackElo "2129"]
[TimeControl "180+1"]
[EndTime "14:40:32 PDT"]
[Termination "Eloist won on time"]

1. e4 e5 2. Bc4 Bc5 3. Nf3 d6 4. O-O Nf6 5. d3 h6 6. c3 a6 7. Nbd2 Bg4 8. Re1 Nbd7 9. Nf1 Qe7 10. Ng3 h5 11. h3 Be6 12. Bg5 Bxc4 13. Nf5 Qf8 14. dxc4 g6 15. Ne3 Nh7 16. Bh4 Bxe3 17. Rxe3 Qg7 18. Qd5 g5 19. Nxg5 Nxg5 20. Rg3 f6 21.
Qxb7 Rb8 22. Qxc7 Rxb2 23. Qxd6 Qe7 24. Qxa6 Kf7 25. Rd1 Rd8 26. Rgd3 Nxe4 27. Qa7 Nec5 28. Rd5 Qe6 29. Rd6 Qf5 30. Rxf6+ Qxf6 31. Bxf6 Kxf6 32. Qc7 Rdb8 33. Rxd7 Nxd7 34. Qxd7 Rb1+ 35. Kh2 R8b2 36. Qd6+ Kf5 37. c5 Rxf2 38. Qf8+ Ke4 39. Qxf2 1-0

[Event "Late-Titled-Tuesday-Blitz-April-23-2024"]
[Site "Chess.com"]
[Date "2024.04.23"]
[Round "4"]
[White "Rytenko_V"]
[Black "crosky"]
[Result "1-0"]
[WhiteElo "2523"]
[BlackElo "2352"]
[TimeControl "180+1"]
[EndTime "14:40:33 PDT"]
[Termination "Rytenko_V won on time"]

1. e4 c5 2. Nf3 e6 3. d4 cxd4 4. Nxd4 a6 5. Nc3 b5 6. Bd3 Bb7 7. O-O Nc6 8. Nxc6 Bxc6 9. a3 Ne7 10. Qe2 d6 11. b3 Ng6 12. f4 Be7 13. Bb2 O-O 14.
Rad1 Qb6+ 15. Kh1 Bf6 16. e5 dxe5 17. Bxg6 hxg6 18. fxe5 Bg5 19. Ne4 Bxe4 20. Qxe4 Rad8 21. Bd4 Qa5 22. Bc5 Rxd1 23. Rxd1 Rd8 24. Rd6 Be7 25. Bb4 Qc7 26. Rxd8+ Bxd8 27. h3 Kh7 28. c4 Qd7 29. Bd6 Bb6 30. c5 Bc7 31. c6 Qd8 32. Qd4 Bb6 33. Qc3 Qg5 34. c7 Qf4 35. Qd3 Qf2 36.
Qd1 1-0

[Event "Late-Titled-Tuesday-Blitz-April-23-2024"]
[Site "Chess.com"]
[Date "2024.04.23"]
[Round "4"]
[White "ellatambien"]
[Black "english_player_89"]
[Result "1-0"]
[WhiteElo "2712"]
[BlackElo "2537"]
[TimeControl "180+1"]
[EndTime "14:40:34 PDT"]
[Termination "ellatambien won by resignation"]

1. e4 e5 2. Nf3 Nc6 3. Bb5 a6 4.
Ba4 Nf6 5. O-O Be7 6. Re1 b5 7. Bb3 d6 8. c3 O-O 9. d3 Nb8 10. Nbd2 Nbd7 11. Nf1 Bb7 12. Ng3 Nc5 13. Bc2 Ne6 14.
Nf5 Re8 15. a4 Bf8 16. Bg5 Nxg5 17. Nxg5 h6 18. Nf3 g6 19. Ne3 Bg7 20. Bb3 d5 21. Nxd5 Nxd5 22. Bxd5 Bxd5 23. exd5 Qxd5 24. Re3 Rad8 25.
axb5 axb5 26. Qe2 c6 27. d4 e4 28. Nd2 f5 29. f3 Bxd4 30. cxd4 Qxd4 31. Nb3 Qb4 32.
fxe4 f4 33. Rc3 Rxe4 34. Qf2 Rde8 35. Qc5 Re1+ 36. Rxe1 Rxe1+ 37. Kf2 Qe4 38. Nc1 Rd1 39. Qxc6 Qe1+ 40. Kf3 Qf1+ 41. Kg4 f3 42. Qxg6+ 1-0

[Event "Late-Titled-Tuesday-Blitz-April-23-2024"]
[Site "Chess.com"]
[Date "2024.04.23"]
[Round "4"]
[White "profedechess93"]
[Black "LuisFSiles"]
[Result "1-0"]
[WhiteElo "2677"]
[BlackElo "2434"]
[TimeControl "180+1"]
[EndTime "14:40:36 PDT"]
[Termination "profedechess93 won on time"]

1. e4 c5 2. Nf3 Nc6 3. Bb5 g6 4. c3 Nf6 5. e5 Nd5 6. d4 cxd4 7. Bxc6 dxc6 8. Qxd4 Bf5 9. O-O Bg7 10. Qh4 h6 11.
Re1 g5 12. Qg3 Qb6 13. Na3 Qa6 14. Nd4 Bg6 15. e6 f5 16. Bxg5 Bxd4 17. Bd2 Rg8 18.
cxd4 O-O-O 19. Qe5 Bh5 20. Rac1 Bf3 21. g3 Be4 22.
Rc5 Qd3 23. Nb5 Rd6 24. Nxd6+ exd6 25. Qxd6 Qf3 26. Rxe4 fxe4 27. Rc1 e3 28. fxe3 Nxe3 29. Qd7+ Kb8 30. Qd6+ Ka8 31. Bxe3 Qxe3+ 32. Kg2 Qd2+ 33. Kh3 Qxc1 34. e7 Qf1+ 35. Kh4 1-0

[Event "Late-Titled-Tuesday-Blitz-April-23-2024"]
[Site "Chess.com"]
[Date "2024.04.23"]
[Round "4"]
[White "martinmena"]
[Black "zacachess"]
[Result "1-0"]
[WhiteElo "2164"]
[BlackElo "2313"]
[TimeControl "180+1"]
[EndTime "14:40:37 PDT"]
[Termination "martinmena won on time"]

1. c4 Nf6 2. g3 g6 3. Bg2 Bg7 4. Nf3 O-O 5. O-O d6 6. Nc3 e5 7.
d3 Nc6 8. e4 h6 9. h3 Ne8 10. Be3 f5 11. Qd2 Kh7 12. Ne1 Nf6 13. f4 Be6 14. Nd5 Qd7 15. Rb1 fxe4 16. dxe4 Bxh3 17.
fxe5 Nxd5 18. e6 Rxf1+ 19. Bxf1 Qxe6 20. exd5 Qe4 21. Bd3 Qg4 22. dxc6 Qxg3+ 23. Kh1 bxc6 24. Qf2 Qg4 25. Qf3 Qh4 26. Bf2 Qg4 27. Qxg4 Bxg4 28.
Kg2 Re8 29. Nf3 a5 30. Re1 Rf8 31.
Nh2 Bc8 32. Re7 Kh8 33. Bxg6 Rf6 34. Bd3 Kg8 35. Rxg7+ Kxg7 36. Bd4 1-0

[Event "Late-Titled-Tuesday-Blitz-April-23-2024"]
[Site "Chess.com"]
[Date "2024.04.23"]
[Round "4"]
[White "Sokoloco"]
[Black "ChristopherYoo"]
[Result "0-1"]
[WhiteElo "2760"]
[BlackElo "2991"]
[TimeControl "180+1"]
[EndTime "14:40:38 PDT"]
[Termination "ChristopherYoo won on time"]

1. b3 d5 2. d4 c5 3. e3 cxd4 4. exd4 Nc6 5. Nf3 Bg4 6. Be2 e6 7.
O-O Bd6 8. Bb2 Nge7 9. Ne5 Bxe2 10. Qxe2 Qc7 11. f4 Nf5 12. c3 O-O 13. Nd2 Rae8 14. Rae1 f6 15. Nxc6 bxc6 16. Qg4 c5 17. Re2 Qf7 18.
g3 cxd4 19. cxd4 Rc8 20. Nf3 h5 21. Qh3 Rfe8 22. Nh4 Nxh4 23. Qxh4 Qg6 24. Qh3 Qg4 25. Qxg4 hxg4 26. Kf2 Kf7 27. Ke3 a5 28. Kd3 a4 29.
Bc3 Rc6 30. Rb1 Rec8 31. Be1 axb3 32. axb3 g5 33. fxg5 e5 34. Rf2 e4+ 35. Ke3 Be7 36. gxf6 Bxf6 37. Rf4 Rg8 38. Bd2 Ke6 39. Ke2 Bxd4 40.
b4 Be5 41. Rff1 d4 42. b5 Rc2 43. Kd1 Ra2 44. b6 e3 45. Bxe3 dxe3 0-1

[Event "Late-Titled-Tuesday-Blitz-April-23-2024"]
[Site "Chess.com"]
[Date "2024.04.23"]
[Round "4"]
[White "Naoki"]
[Black "Ali_rastbod"]
[Result "1-0"]
[WhiteElo "2550"]
[BlackElo "2694"]
[TimeControl "180+1"]
[EndTime "14:40:38 PDT"]
[Termination "Naoki won by checkmate"]

1. e4 Nc6 2. Nf3 g6 3. d4 Bg7 4.
c3 d6 5. Bc4 h6 6. h3 e5 7. O-O Nge7 8. Re1 O-O 9. a4 exd4 10.
cxd4 d5 11. exd5 Nxd5 12. a5 Be6 13. Bb3 Re8 14. Nc3 Qd7 15. Ne4 b6 16. axb6 cxb6 17. Ra3 Ndb4 18. Bxh6 Bxb3 19. Qxb3 Rxe4 20. Rxe4 Bxh6 21.
Ne5 Nxe5 22. dxe5 Nc6 23. e6 fxe6 24. Rxe6 Kh7 25. Qc4 Nd4 26. Re4 Rd8 27. Rg3 b5 28. Qd3 Bg7 29. Rh4+ Kg8 30. Qxg6 Ne2+ 31. Kh2 Nxg3 32.
Qh7+ Kf8 33. Rf4+ Ke7 34. Qxg7+ Ke6 35. Qg6+ Kd5 36. Qxg3 Kc6 37. Qf3+ Kb6 38. Rf6+ Ka5 39. Qa3# 1-0

[Event "Late-Titled-Tuesday-Blitz-April-23-2024"]
[Site "Chess.com"]
[Date "2024.04.23"]
[Round "4"]
[White "MathiasWomacka"]
[Black "Godzillator"]
[Result "1-0"]
[WhiteElo "2523"]
[BlackElo "2352"]
[TimeControl "180+1"]
[EndTime "14:40:38 PDT"]
[Termination "MathiasWomacka won on time"]

1. e4 d5 2. exd5 Qxd5 3. Nc3 Qd8 4. d4 c6 5. Nf3 Nf6 6. Bc4 Bf5 7. Ne5 e6 8. g4 Bg6 9. h4 b5 10. Bb3 b4 11. Na4 Be4 12. f3 Bd5 13. Be3 Nbd7 14. Qe2 Bd6 15. Bf2 Qc7 16. Nxd7 Nxd7 17. O-O-O O-O-O 18. h5 h6 19. Kb1 Rhe8 20. Nc5 Nxc5 21. dxc5 Be5 22. Rhe1 Bf6 23. Be3 Qa5 24. f4 Qb5 25. Qxb5 cxb5 26. Bxd5 exd5 27. g5 Be7 28. gxh6 gxh6 29.
Bd4 Bh4 30. Rg1 Re4 31. Be5 Bf2 32. Rg7 Bxc5 33. Rxf7 Rd7 34. Rxd7 Kxd7 35. Kc1 Ke6 36. Rf1 Be3+ 37. Kd1 Kf5 38. Re1 Bxf4 39. Bxf4 Kxf4 40. Rf1+ Kg5 41. Rf7 1-0

[Event "Late-Titled-Tuesday-Blitz-April-23-2024"]
[Site "Chess.com"]
[Date "2024.04.23"]
[Round "4"]
[White "CombativeWombat"]
[Black "ATM622"]
[Result "0-1"]
[WhiteElo "2339"]
[BlackElo "2512"]
[TimeControl "180+1"]
[EndTime "14:40:40 PDT"]
[Termination "ATM622 won by resignation"]

1. e4 c6 2. Nc3 d5 3. Nf3 g6 4. d4 dxe4 5. Nxe4 Bg7 6. h3 Nf6 7. Nxf6+ exf6 8. Bc4 O-O 9. O-O f5 10. Re1 Nd7 11. Bb3 Nf6 12. Bf4 Ne4 13. Be5 a5 14.
Bxg7 Kxg7 15. c3 Re8 16. Ne5 Be6 17. Bc2 f6 18. Nd3 Bf7 19. Nf4 Qc7 20. g3 Rad8 21. Qf3 Ng5 22. Qh1 c5 23. h4 Ne6 24. Ba4 Nxf4 25.
Bxe8 Nd3 26. Bxf7 Nxe1 27. Rxe1 Kxf7 28. dxc5 Rd2 29. b4 a4 30. Qf3 Qd7 31. a3 Rd3 32. Qe2 Rxc3 33. Rd1 Qe6 34. Qxe6+ Kxe6 35. Rd6+ Ke5 36.
Rb6 Rxa3 37. Rxb7 Rb3 38. c6 Kd6 39. b5 a3 40. Rd7+ Ke6 41. Rb7 a2 42. Ra7 Rb1+ 43. Kg2 a1=Q 44. Rxa1 Rxa1 45. c7 Kd7 46. b6 Rb1 0-1

[Event "Late-Titled-Tuesday-Blitz-April-23-2024"]
[Site "Chess.com"]
[Date "2024.04.23"]
[Round "4"]
[White "Bykov_Egor"]
[Black "Harsha_Bharathakoti"]
[Result "0-1"]
[WhiteElo "2614"]
[BlackElo "2911"]
[TimeControl "180+1"]
[EndTime "14:40:44 PDT"]
[Termination "Harsha_Bharathakoti won by resignation"]

1. d4 d5 2. c4 e6 3. Nf3 a6 4. e3 Nf6 5. Nc3 Bd6 6. a3 O-O 7. c5 Be7 8. Bd3 b6 9. b4 a5 10. Bb2 c6 11. Ne5 Nfd7 12. f4 Nxe5 13. fxe5 Ba6 14.
O-O Bxd3 15. Qxd3 Na6 16. b5 cxb5 17. c6 b4 18. Nb5 Nc7 19. axb4 Bxb4 20. Ba3 Bxa3 21.
Rxa3 Nxb5 22. Qxb5 Qc7 23. Rb1 Rab8 24. Rc3 f6 25.
exf6 Rxf6 26. Qe2 h6 27. h3 Kh8 28. Qc2 b5 29. Rc5 b4 30. Qa4 Qg3 31. c7 Rc8 32. Qc2 Qxe3+ 33. Kh1 Rf7 34. Rc1 b3 35. Qg6 Rfxc7 36. Rxc7 Qxc1+ 37. Rxc1 Rxc1+ 38. Kh2 b2 39. Qe8+ Kh7 40. Qxe6 b1=Q 41. Qxd5 Rh1+ 42. Kg3 Qd3+ 43. Kg4 Re1 44. h4 Qe4+ 0-1

[Event "Late-Titled-Tuesday-Blitz-April-23-2024"]
[Site "Chess.com"]
[Date "2024.04.23"]
[Round "4"]
[White "Janh4"]
[Black "rhungaski"]
[Result "0-1"]
[WhiteElo "2210"]
[BlackElo "2485"]
[TimeControl "180+1"]
[EndTime "14:40:44 PDT"]
[Termination "rhungaski won by resignation"]

1. d4 g6 2. Nc3 Bg7 3. Bf4 d6 4. e3 Nf6 5. h4 Nc6 6. h5 Nxh5 7.
Rxh5 gxh5 8. Qxh5 e6 9. Nf3 h6 10. O-O-O Qf6 11. Bd3 a6 12. Ne4 Qe7 13. Nc3 Bd7 14. d5 Nb4 15. dxe6 Bxe6 16. Nd4 Nxd3+ 17. Rxd3 O-O-O 18. Nf5 Bxf5 19. Qxf5+ Qe6 20. Qa5 Bxc3 21. Rxc3 Rd7 22. f3 h5 23. e4 h4 24. Qb6 Kb8 25. Qd4 Rg8 26. Be3 c5 27. Qd2 h3 28. gxh3 Qxh3 29.
b3 Qxf3 30. Kb2 Qxe4 31. Bxc5 d5 32. Bd4 Ka8 33. Rc5 Qf5 34. Qb4 Qe6 35. a4 Rb8 36. a5 Rd6 37. Qc3 Rc6 38. b4 Rbc8 39. Qf3 Rxc5 40. Bxc5 f5 41. Bd4 Qe4 42. Bc5 Qxf3 0-1

[Event "Late-Titled-Tuesday-Blitz-April-23-2024"]
[Site "Chess.com"]
[Date "2024.04.23"]
[Round "4"]
[White "jinxy2009"]
[Black "scandalgod"]
[Result "0-1"]
[WhiteElo "2302"]
[BlackElo "2507"]
[TimeControl "180+1"]
[EndTime "14:40:45 PDT"]
[Termination "scandalgod won on time"]

1. e4 e5 2. Nf3 Nc6 3. Bc4 Nf6 4. d3 Be7 5. O-O O-O 6. Nc3 d6 7. a4 Bg4 8. h3 Bh5 9. Be3 Qd7 10. Nd5 Rae8 11. a5 a6 12. c3 Bd8 13. b4 Nxd5 14.
Bxd5 Kh8 15. c4 Qc8 16. b5 Ne7 17. c5 Nxd5 18. exd5 f5 19. g4 fxg4 20. Nh2 Rf7 21. hxg4 Bg6 22. c6 axb5 23. cxb7 Qxb7 24. Qb3 Qa6 25. Rfb1 e4 26. Qxb5 Qxb5 27. Rxb5 Bf6 28. Ra2 exd3 29. a6 Rff8 30. a7 Ra8 31. f4 Be4 32. g5 Bc3 33. Nf1 Rfe8 34. Kf2 c5 35. dxc6 Bxc6 36. Rb6 Rec8 37. Nd2 d5 38. Raa6 Bd7 39.
Rb7 Bf5 40. Re7 d4 41. Bxd4 Bxd4+ 42. Kf3 Bc5 0-1